 Dungeon Crawl Stone Soup version 0.20-a0-263-g81abdfb (webtiles) character file.

399 junb69 the Archer (level 6, -3/50 HPs)
             Began as a Centaur Hunter on Dec 4, 2016.
             Killed from afar by murphy's ghost (9 damage)
             ... with a spray of energy
             ... on level 3 of the Dungeon.
             The game lasted 00:10:19 (4123 turns).

junb69 the Archer (Centaur Hunter)                  Turns: 4123, Time: 00:10:19

Health: -3/50      AC:  5    Str: 14    XL:     6   Next: 54%
Magic:  6/6        EV:  8    Int: 10    God:
Gold:   139        SH:  0    Dex: 12    Spells: 5/5 levels left

rFire  . . .     SeeInvis .     a - +1 shortbow
rCold  . . .     Gourm    .     q - +0 ring mail
rNeg   . . .     Faith    .     (shield currently unavailable)
rPois  .         Spirit   .     (no helmet)
rElec  .         Reflect  .     (no cloak)
rCorr  .         Harm     .     (no gloves)
MR     .....                    (no barding)
Stlth  ..........               (no amulet)
                                (no ring)
                                (no ring)

@: very quick
A: hooves 3, deformed body, speed 2, tough skin 3
a: no special abilities


You were on level 3 of the Dungeon.
You were not hungry.

You visited 1 branch of the dungeon, and saw 3 of its levels.
You also visited: Sewer.

You collected 139 gold pieces.

Inventory:

Hand Weapons
 a - a +1 shortbow (weapon)
 b - a +0 short sword
Missiles
 d - 39 arrows (quivered)
Armour
 q - a +0 ring mail (worn)
Jewellery
 p - an uncursed ring of flight {unknown}
Scrolls
 c - 3 scrolls of magic mapping {unknown}
 h - 2 scrolls of random uselessness {unknown}
 i - 2 scrolls of blinking {unknown}
 j - a scroll of teleportation {unknown}
 k - a scroll of noise {unknown}
 o - 4 scrolls of identify {unknown}
 r - a scroll of fog {unknown}
 u - a scroll of remove curse {unknown}
Potions
 e - 2 potions of curing
 l - a potion of brilliance {unknown}
 n - 2 potions of might
 s - 2 potions of flight {unknown}
 t - a potion of heal wounds {unknown}
Comestibles
 f - a bread ration
 g - 2 meat rations
 m - 2 beef jerkies


   Skills:
 * Level 2.6 Fighting
 - Level 10.0 Bows
 - Level 1.3 Dodging
 - Level 0.4 Stealth


You had 5 spell levels left.
You didn't know any spells.

Dungeon Overview and Level Annotations

Branches:
Dungeon (3/15)

Altars:
Sif Muna
Xom

Annotations:
D:3 murphy's ghost, amateur DrCj


Innate Abilities, Weirdness & Mutations

You have hooves in place of feet.
Armour fits poorly on your strangely shaped body.
You cover ground very quickly.
You have extremely tough skin. (AC +3)


Message History

Firing (i - inventory):
d - 35 arrows (quivered)
Press: ? - help, Shift-Dir - straight line, f/p - orc
Aim: an orc, wielding a flail and wearing a ring mail (almost dead)
You shoot an arrow. The arrow completely misses the orc.
The orc closely misses you.
Firing (i - inventory):
d - 34 arrows (quivered)
Press: ? - help, Shift-Dir - straight line, f/p - orc
Aim: an orc, wielding a flail and wearing a ring mail (almost dead)
You shoot an arrow. The arrow hits the orc.
You kill the orc!
d - 37 arrows (gained 4)
Things that are here:
a flail; a ring mail; an orc corpse You see here 2 arrows.
d - 39 arrows (gained 2) Murphy's ghost casts a spell at you.
The spray of energy misses you. Murphy's ghost casts a spell at you.
The spray of energy hits you!
You die...

....[.#..#...###.#.....#
......'.....># #.#######
......######## #.#
<............# #.#
.....).##.##.# #.#########
.......##....###.........#
##.#..........##########.#
..............##########.##
####..........#.@.........#
...'..........#.###########
.###.W........#)####
.#.'..........#W...#
.#.#..........#.##.#
.#.###'##..........# .#
##.##.......##.# .#
.....##########.##
.#..##..# .......w..#


You could see murphy's ghost.

Vanquished Creatures
  3 big kobolds (Sewer)
  An orc priest (D:3)
  5 adders
  A river rat (D:3)
  6 oozes
  2 worms
  2 dart slugs
  A leopard gecko (D:1)
  4 orcs (D:3)
  8 ball pythons
  3 giant cockroaches
  7 goblins
  9 hobgoblins
  10 kobolds
  A quokka (D:2)
  6 bats
  6 frilled lizards
  6 rats
81 creatures vanquished.

Notes
Turn   | Place    | Note
-------+----------+-------------------------------------------
     0 | D:1      | junb69 the Centaur Hunter began the quest for the Orb.
     0 | D:1      | Reached XP level 1. HP: 17/17 MP: 1/1
     4 | D:1      | Found a deep blue altar of Sif Muna.
   270 | D:1      | Reached XP level 2. HP: 21/24 MP: 2/2
   304 | D:1      | Reached skill level 6 in Bows
   805 | D:2      | Reached XP level 3. HP: 27/29 MP: 3/3
  1142 | D:2      | Reached skill level 7 in Bows
  1611 | D:2      | Found a shimmering altar of Xom.
  1820 | D:3      | Reached XP level 4. HP: 33/36 MP: 4/4
  2251 | D:3      | Found a glowing drain.
  2255 | Sewer    | Entered a sewer
  2294 | Sewer    | Noticed a big kobold
  2311 | Sewer    | Killed a big kobold
  2311 | Sewer    | Reached skill level 8 in Bows
  2311 | Sewer    | Reached XP level 5. HP: 32/41 MP: 5/5
  2718 | Sewer    | Reached skill level 9 in Bows
  2724 | Sewer    | Reached XP level 6. HP: 24/48 MP: 6/6
  3021 | Sewer    | Reached skill level 10 in Bows
  3417 | D:3      | Noticed murphy's ghost (amateur DrCj)
  4123 | D:3      | Killed from afar by murphy's ghost

Vault maps used:
D:1:      sevenhm_arrival_forest_fort_small_6
D:2:      tgw_xom
D:3:      first_bread, gup_sewer_entry_bowl
Sewer:    sewer_co_15_rooms

Skill      XL: |  1  2  3  4  5  6 |
---------------+-------------------+-----
Bows           | 6 7 8 9 10 | 10.0
Fighting       | |  2.6
Dodging        | |  1.3
Stealth        | |  0.4

Action                   |  1- 3 |  4- 6 || total
-------------------------+-------+-------++-------
Melee: Short sword       |   135 |   121 ||   256
       Kick              |    24 |    32 ||    56
 Fire: Shortbow          |     6 |    74 ||    80
  Use: Potion            |       |     3 ||     3
  Eat: Chunk             |     2 |     5 ||     7
       Bread ration      |       |     1 ||     1
Armor: Leather armour    |    52 |       ||    52
       Ring mail         |       |    61 ||    61
       Scale mail        |       |     6 ||     6
Dodge: Dodged            |    73 |    59 ||   132
